Map: Abiogênese LE

Players

IagoAbreu

  • Race: Zerg Zerg
  • League: Silver
  • Spawn Location: 5:00

veiosol - Winner!

  • Race: Terran Terran
  • League: Silver
  • Spawn Location: 11:00

VOD

Have the link to the VOD?

Description

Time

  • Played on: Feb. 26, 2018, 10:57 a.m.
  • Length: 18:34
Show
View Real Time Build Order
Export as new Build Order

IagoAbreu Zerg 

Build Orders: Hatch First 

Get SALT Encoding   

  12  0:02  Drone  
  13  0:09  Drone  
  14  0:36  Hatchery  
  14  0:39  Drone  
  14  0:47  Overlord  
  14  0:55  Overlord  
  14  1:09  Drone x2  
  16  1:16  Extractor  
  15  1:19  Extractor  
  15  1:20  Drone  
  15  1:26  Drone  
  16  1:34  Drone  
  17  1:50  Drone  
  18  1:59  Spawning Pool  
  18  2:00  Drone x2  
  19  2:07  Drone x2  
  21  2:30  Drone x2  
  21  2:34  Drone  
  24  2:37  Drone  
  24  2:42  Drone  
  26  2:46  Hatchery  
  25  2:52  Lair  
  25  3:00  Queen  
  27  3:11  Drone x3  
  27  3:12  Drone  
  31  3:33  Overlord x2  
  31  3:36  Overlord  
  31  3:50  Queen  
  33  3:56  Pneumatized Carapace  
  33  4:11  Nydus Network  
  32  4:19  Drone x2  
  32  4:21  Drone  
  35  4:25  Queen  
  35  4:29  Burrow  
  37  4:45  Hydralisk Den  
  36  4:51  Spire  
  35  5:06  Evolution Chamber  
  34  5:20  Nydus Canal  
  34  5:24  Hydralisk  
  34  5:25  Hydralisk x2  
  37  5:34  Hydralisk x3  
  43  5:47  Hydralisk  
  45  5:56  Drone  
  45  5:57  Drone x3  
  44  6:16  Nydus Canal  
  42  6:19  Drone x3  
  42  6:20  Drone x2  
  47  6:28  Corruptor  
  49  6:42  Extractor  
  48  6:51  Hatchery  
  47  6:57  Overlord x2  
  47  6:58  Overlord  
  47  7:06  Hydralisk  
  49  7:16  Queen  
  51  7:38  Zergling x10  
  51  7:39  Zergling x8  
  60  7:48  Hydralisk x3  
  66  7:59  Overlord x3  
  66  8:10  Corruptor x3  
  72  8:12  Overlord  
  72  8:13  Overlord x5  
  72  8:19  Queen  
  74  8:25  Drone x2  
  76  8:48  Drone x5  
  79  8:55  Zergling x8  
  85  9:05  Extractor  
  85  9:07  Extractor  
  85  9:08  Drone  
  65  9:40  Queen  
  65  9:42  Drone x5  
  44  11:00  Zergling x2  
  44  11:01  Zergling x12  
  44  11:02  Zergling x12  
  44  11:03  Zergling x10  
  45  11:49  Hydralisk x4  
  44  12:02  Hydralisk  
  44  12:08  Hydralisk x6  
  48  12:13  Hydralisk x4  
  48  12:14  Hydralisk  
  61  12:35  Hydralisk x6  
  69  12:55  Nydus Canal  
  69  12:57  Hydralisk x3  
  73  13:34  Spawning Pool  
  72  13:43  Drone x3  
  75  14:12  Nydus Canal  
  59  14:41  Spawning Pool  
  58  14:51  Hatchery  
  57  14:55  Hatchery  
  56  15:03  Drone  
  56  15:04  Drone x2  
  59  15:32  Drone x2  
  61  15:40  Lair  
  61  16:11  Nydus Canal  
  21  16:30  Zergling x6  
  21  16:31  Zergling x8  
  26  16:47  Hatchery  
  16  16:55  Spine Crawler  
  16  16:57  Spine Crawler  
  16  16:59  Spore Crawler  
Show
View Real Time Build Order
Export as new Build Order

veiosol Terran - Winner!

Build Orders: Liberator Opening, Reaper Expand 

Get SALT Encoding   

  12  0:02  SCV  
  13  0:14  SCV  
  14  0:24  Supply Depot  
  14  0:26  SCV  
  15  0:31  Refinery  
  15  0:46  SCV  
  15  0:48  Barracks  
  16  1:00  SCV  
  17  1:13  SCV  
  18  1:25  SCV  
  19  1:40  Reaper  
  19  1:42  Command Center  
  19  1:44  SCV  
  21  1:53  Refinery  
  21  2:04  Orbital Command  
  21  2:12  Marine  
  22  2:21  Supply Depot  
  22  2:24  Factory  
  22  2:32  SCV  
  23  2:42  Marine  
  24  2:46  SCV  
  25  2:58  SCV  
  26  2:59  Orbital Command  
  26  3:05  Bunker  
  26  3:13  Factory Tech Lab  
  26  3:15  Starport  
  26  3:25  Marine  
  27  3:38  SCV  
  28  3:43  Refinery  
  28  3:46  Refinery  
  28  3:47  Siege Tank  
  31  3:50  SCV, Liberator  
  31  3:52  SCV, Supply Depot  
  33  4:03  Barracks Reactor  
  33  4:09  Supply Depot  
  36  4:25  SCV  
  36  4:30  Cyclone  
  40  4:32  Liberator  
  40  4:37  SCV  
  41  4:45  Marine x2  
  42  4:49  SCV  
  46  5:06  SCV  
  47  5:13  Supply Depot  
  47  5:15  Engineering Bay  
  47  5:20  Marine x2, Starport  
  49  5:25  SCV  
  49  5:26  Barracks  
  50  5:37  SCV  
  50  5:38  Marine  
  52  5:49  SCV  
  53  6:02  Marine x2  
  53  6:04  Command Center  
  52  6:11  SCV  
  50  6:20  Marine  
  50  6:21  Liberator  
  50  6:25  Barracks Tech Lab  
  51  6:27  Barracks  
  51  6:35  Widow Mine  
  51  6:37  Viking  
  58  6:51  Terran Infantry Weapons Level 1  
  58  6:54  Supply Depot  
  58  6:57  SCV  
  58  7:00  Marine  
  60  7:05  Stimpack  
  60  7:09  Starport Reactor  
  60  7:10  SCV  
  61  7:22  SCV  
  62  7:28  Missile Turret  
  62  7:34  SCV  
  63  7:37  Supply Depot  
  63  7:38  SCV  
  63  7:42  Barracks Reactor  
  64  7:44  Starport Tech Lab  
  64  7:48  Missile Turret  
  64  7:49  Armory  
  64  7:50  SCV  
  65  7:54  Supply Depot  
  65  7:58  Planetary Fortress  
  65  8:02  Refinery  
  65  8:05  Marine  
  65  8:06  Marine x2  
  65  8:12  Siege Tank  
  71  8:15  Supply Depot  
  71  8:23  Marine  
  71  8:24  Marauder  
  71  8:26  Marine  
  75  8:27  Marine x2  
  78  8:34  SCV  
  78  8:38  SCV x2  
  80  8:41  Marine  
  80  8:43  Supply Depot  
  80  8:44  Marine  
  80  8:46  SCV, Marauder  
  85  8:50  SCV  
  86  9:00  Medivac x2  
  86  9:02  SCV  
  91  9:05  Combat Shields  
  91  9:06  Sensor Tower  
  91  9:07  Marauder  
  93  9:23  Marine x2  
  93  9:24  Marine x2  
  96  9:28  Marauder  
  96  9:30  Viking x3  
  99  9:41  Marine x3  
  102  10:04  Marine x5  
  89  10:21  Marine  
  89  10:22  Marine x4  
  89  10:25  Viking x3  
  94  10:46  Marine x2  
  96  10:54  Viking  
  96  10:55  Viking x2  
  102  11:06  SCV  
  102  11:07  Missile Turret  
  103  11:18  SCV, Supply Depot  
  104  11:19  Terran Vehicle Weapons Level 1  
  104  11:20  SCV  
  104  11:24  Thor, Viking  
  104  11:25  Missile Turret, Viking  
  115  11:32  SCV  
  116  11:33  Marine  
  116  11:34  Marine x4  
  118  11:51  Marine  
  118  11:52  Marine x4  
  119  12:07  Thor  
  125  12:09  Marine  
  119  12:41  Missile Turret  
  119  12:43  Terran Infantry Weapons Level 2  
  117  12:45  Supply Depot  
  117  12:46  Banshee  
  117  12:47  Viking  
  117  12:48  Viking  
  117  12:49  Marauder  
  117  12:50  Marine x2  
  128  13:06  Thor  
  128  13:07  Marine  
  128  13:08  Marine  
  128  13:11  Marauder  
  138  13:17  Viking  
  138  13:24  Marine x2  
  138  13:25  Marine x2  
  137  13:29  Raven  
  137  13:30  Refinery  
  137  13:32  Marine  
  137  13:33  SCV  
  141  13:39  Refinery  
  141  13:43  Supply Depot  
  141  13:59  SCV  
  140  14:05  Marauder  
  142  14:11  Banshee  
  143  14:24  Marine  
  143  14:25  Marine x3  
  143  14:26  Marauder  
  149  14:34  Liberator  
  149  14:35  Liberator  
  149  14:51  Marine x3  
  149  14:52  Marauder  
  160  14:54  Banshee  
  163  15:03  SCV  
  164  15:09  Thor  
  164  15:13  Terran Infantry Weapons Level 3, Marauder  
  172  15:15  SCV  
  172  15:17  Engineering Bay  
  172  15:19  Armory, Terran Vehicle Weapons Level 2  
  173  15:41  Command Center  
  173  16:05  Marine x3  
  173  16:06  SCV  
  173  16:07  Marine  
  173  16:08  Marauder  
  172  16:11  Viking x2  
  166  16:18  SCV  
  166  16:23  Marine x3  
  166  16:24  Marine  
  162  16:29  Marine  
  162  16:40  Marine x2  
  162  16:41  Marine  
  162  16:42  Marine  
  166  16:47  Marine  
  164  16:58  Marine x2  
  164  16:59  Marine  
  164  17:00  Marine  
  168  17:05  Marine  
  169  17:15  SCV  
  170  17:16  Marine x2  
  170  17:18  SCV x2, Refinery  
  170  17:19  SCV  
  175  17:24  Marauder, Concussive Shells  
  175  17:26  Thor  
  175  17:27  SCV  
  175  17:28  Banshee  
  187  17:30  SCV  
  188  18:08  Marine  
  188  18:10  Marine  
Tags
 
Add a new tag
Caveats
  • Supply blocks, unpowered buildings, or Contaminate may cause inaccurate times.
  • Supply counts are checked every 10 seconds.